Little Stars vs Inferno

Created - May 31, 2017 at 23:08

Goals
1 2 3 T
Little Stars 1 1 2 4
Inferno 1 1 4 6
Shots
1 2 3 T
Little Stars 13 8 21 42
Inferno 11 9 15 35

1st period

1. Little Stars , Hugh Jessiman 1 (Jesse Joensuu 1, Dana Tyrell 1) at 13:58
2. Inferno , Matt Kassian 1 (Beau Bennett 1, Cal O'Reilly 1) at 19:38

Penalties :
No Penalty

2nd period

3. Inferno , Kyle Palmieri 3 (David Ullstrom 1, Vladimir Sobotka 3) at 1:50
4. Little Stars , Robert Klinkhammer 1 (Jesper Fast 1, Andrej Nestrasil 1) at 12:34

Penalties :
Andrej Nestrasil (Tex) for Cross-checking (Minor) at 4:49

3rd period

5. Little Stars , Alex Chiasson 2 (Marcus Johansson 2, Niklas Hjalmarsson 1) at 1:48
6. Little Stars , Raphael Diaz 1 (Dana Tyrell 2) at 1:52
7. Inferno , Vladimir Sobotka 1 (David Ullstrom 2, Colby Robak 2) at 4:10
8. Inferno , Mikhail Grabovski 2 (Stephane Veilleux 3) at 8:48
9. Inferno , Beau Bennett 1 (Cal O'Reilly 2, Derek Peltier 1) at 15:32
10. Inferno , Vladimir Sobotka 2 (Sami Vatanen 1, Colby Robak 3) at 19:20 (Empty Net)

Penalties :
Andrej Nestrasil (Tex) for Interference (Minor) at 13:19

Goalie Stats

Peter Budaj (Tex), 29 saves from 34 shots - (0.853), L, 0-2-0, 59:46 minutes
Josh Harding (Anc), 38 saves from 42 shots - (0.905), W, 2-0-0, 60:00 minutes

Players Stats for Little Stars

Player Name              G  A  P  +/- PIM S  H  SB GA TA FO     MP     PP MP  PK MP  
------------------------------------------------------------------------------------
Alex Chiasson            1  0  1  -2  0   10 0  0  0  2  1/1    22:26   0:00   2:09 
Alexander Vasyunov       0  0  0   0  0   0  0  0  1  0  0/0    10:02   0:00   1:00 
Andrej Nestrasil         0  1  1   0  4   0  0  1  0  0  6/8    12:06   0:00   0:00 
Brian Flynn              0  0  0  -3  0   4  4  0  0  0  12/27  20:48   0:00   0:49 
Conor Allen              0  0  0   0  0   0  0  0  0  0  0/0     3:20   0:00   0:00 
Dana Tyrell              0  2  2   0  0   2  0  0  0  0  8/17   15:05   0:00   0:00 
Hugh Jessiman            1  0  1  -1  0   4  1  0  0  1  3/4    16:10   0:00   0:49 
James Livingstone        0  0  0   0  0   2  0  0  0  0  1/1     8:43   0:00   0:00 
Jesper Fast              0  1  1   1  0   2  0  0  1  0  0/0    11:41   0:00   0:00 
Jesse Joensuu            0  1  1   0  0   1  0  0  2  0  1/2    15:49   0:00   0:44 
Marcus Johansson         0  1  1  -2  0   3  1  1  2  1  2/4    22:28   0:00   2:09 
Mathieu Roy              0  0  0  -1  0   1  3  2  0  0  0/0    24:06   0:00   2:18 
Niklas Hjalmarsson       0  1  1   1  0   6  3  0  0  3  0/0    20:20   0:00   1:40 
Phil Oreskovic           0  0  0   1  0   0  1  1  0  1  0/0    20:20   0:00   1:40 
Raphael Diaz             1  0  1  -1  0   4  1  2  1  3  0/0    27:26   0:00   2:18 
Robert Klinkhammer       1  0  1   1  0   2  1  0  0  0  0/0    11:41   0:00   0:00 
T.J. Tynan               0  0  0   0  0   0  2  0  0  0  3/5     9:01   0:00   0:16 
Tyson Barrie             0  0  0  -2  0   1  0  1  0  0  0/0    12:14   0:00   0:00 
Yannick Weber            0  0  0  -2  0   0  0  1  1  0  0/0    12:14   0:00   0:00 

Players Stats for Inferno

Player Name              G  A  P  +/- PIM S  H  SB GA TA FO     MP     PP MP  PK MP  
------------------------------------------------------------------------------------
Anders Lee               0  0  0  -1  0   1  0  0  0  0  1/2     6:34   0:00   0:00 
Beau Bennett             1  1  2   2  0   3  1  0  2  0  0/0    12:37   0:03   0:00 
Brendan Mikkelson        0  0  0  -2  0   2  2  1  1  0  0/0    21:21   1:35   0:00 
Cal O'Reilly             0  2  2   2  0   5  0  1  0  0  6/11   12:37   0:03   0:00 
Christian Folin          0  0  0   0  0   0  0  0  0  1  0/0    17:57   1:35   0:00 
Colby Robak              0  2  2   1  0   1  2  3  0  1  0/0    27:59   2:23   0:00 
David Ullstrom           0  2  2   2  0   1  0  0  1  0  0/0    17:12   1:49   0:00 
Derek Peltier            0  1  1   1  0   0  1  1  0  2  0/0    14:04   0:00   0:00 
Kyle Palmieri            1  0  1   2  0   4  2  0  1  2  0/1    17:12   1:49   0:00 
Luca Sbisa               0  0  0   1  0   0  2  0  0  0  0/0    14:04   0:00   0:00 
Matt Kassian             1  0  1   2  0   1  2  0  1  0  0/0    12:37   0:03   0:00 
Matthew Nieto            0  0  0  -1  0   0  1  0  0  1  0/0     6:34   0:00   0:00 
Mikhail Grabovski        1  0  1  -1  0   3  0  0  1  0  15/35  23:37   2:06   0:00 
Sami Vatanen             0  1  1   3  0   2  0  1  1  0  0/0    24:35   2:23   0:00 
Stephane Veilleux        0  1  1  -1  0   5  1  0  1  0  1/2    23:37   2:06   0:00 
Vladimir Sobotka         2  1  3   2  0   4  1  0  1  1  8/16   17:12   1:49   0:00 
Vladimir Zharkov         0  0  0  -1  0   2  4  1  1  0  1/2    23:37   2:06   0:00 
Zach Redmond             0  0  0  -1  0   1  0  1  0  0  0/0     6:34   0:00   0:00 

3 Stars

1 - Vladimir Sobotka (Anc)
2 - Beau Bennett (Anc)
3 - Matt Kassian (Anc)

Power Play

Little Stars - 0 on 0 Attempt(s) - 0.00%
Inferno - 0 on 2 Attempt(s) - 0.00%

Penalty Kill

Little Stars - 2 on 2 Attempt(s) - 100.00% - Score 0 goal in Penalty Kill
Inferno - 0 on 0 Attempt(s) - 0.00% - Score 0 goal in Penalty Kill

Team Stat

Little Stars - Hits : 17 - Faceoff Wins : 37 - Blocked Shots : 9 - Penalty Minutes : 4
Inferno - Hits : 19 - Faceoff Wins : 32 - Blocked Shots : 9 - Penalty Minutes : 0

Official

Referees : Leggo Mike and Rehman Kyle
Linesman : Dan Schachte and Lonnie Cameron

Game Notes

Vladimir Sobotka has scored in a empty net!

Finance

Level 1 -- Attendance: 1770 (88.50%) -- Ticket Income $61,950
Level 2 -- Attendance: 782 (78.20%) -- Ticket Income $11,730
Total Attendance: 2552 (85.07%)
Total Ticket Income: $73,680
Other Income: $3,684
Total Income: $77,364

Little Stars

5 vs 5 Forward 
   Center                   Left Wing                Right Wing               Time % Phy DF OF 
 1 Brian Flynn              Marcus Johansson         Alex Chiasson            36     0   1  4  
 2 Dana Tyrell              Jesse Joensuu            Hugh Jessiman            30     0   2  3  
 3 Andrej Nestrasil         Robert Klinkhammer       Jesper Fast              20     1   2  2  
 4 T.J. Tynan               Alexander Vasyunov       James Livingstone        14     1   2  2  

5 vs 5 Defense 
   Defense                  Defense                                           Time % Phy DF OF 
 1 Raphael Diaz             Mathieu Roy                                       40     1   2  2  
 2 Niklas Hjalmarsson       Phil Oreskovic                                    30     1   2  2  
 3 Yannick Weber            Tyson Barrie                                      20     1   2  2  
 4 Conor Allen              Raphael Diaz                                      10     1   2  2  

PowerPlay Forward 
   Center                   Left Wing                Right Wing               Time % Phy DF OF 
 1 Brian Flynn              Marcus Johansson         Alex Chiasson            60     0   0  5  
 2 Dana Tyrell              Jesse Joensuu            Hugh Jessiman            40     0   1  4  

PowerPlay Defense
   Defense                  Defense                                           Time % Phy DF OF 
 1 Raphael Diaz             Mathieu Roy                                       60     0   2  3  
 2 Niklas Hjalmarsson       Phil Oreskovic                                    40     0   2  3  

Penalty Kill 4 Players Forward 
   Center                   Wing                     Time % Phy DF OF 
 1 Marcus Johansson         Alex Chiasson            60     0   3  2  
 2 Hugh Jessiman            Brian Flynn              40     0   3  2  

Penalty Kill 4 Players Defense
   Defense                  Defense                  Time % Phy DF OF 
 1 Raphael Diaz             Mathieu Roy              60     1   2  2  
 2 Niklas Hjalmarsson       Phil Oreskovic           40     1   2  2  

Penalty Kill - 3 Players Forward 
   Forward                                           Time % Phy DF OF 
 1 Marcus Johansson                                  60     0   3  2  
 2 Alex Chiasson                                     40     0   3  2  

Penalty Kill - 3 Players Defense
   Defense                  Defense                  Time % Phy DF OF 
 1 Raphael Diaz             Mathieu Roy              60     1   2  2  
 2 Niklas Hjalmarsson       Phil Oreskovic           40     1   2  2  

4 vs 4 Forward 
   Center                   Wing                     Time % Phy DF OF 
 1 Marcus Johansson         Alex Chiasson            60     1   2  2  
 2 Hugh Jessiman            Brian Flynn              40     1   2  2  

4 vs 4 Defense
   Defense                  Defense                  Time % Phy DF OF 
 1 Raphael Diaz             Mathieu Roy              60     1   2  2  
 2 Niklas Hjalmarsson       Phil Oreskovic           40     1   2  2  

Last Minutes Offensive
   Center                   Left Wing                Right Wing               Defense                  Defense                  
   Brian Flynn              Marcus Johansson         Alex Chiasson            Raphael Diaz             Mathieu Roy              

Last Minutes Defensive
   Center                   Left Wing                Right Wing               Defense                  Defense                  
   Brian Flynn              Marcus Johansson         Alex Chiasson            Raphael Diaz             Mathieu Roy              

Goaltenders
Starting : Peter Budaj              
Backup : Peter Delmas             

Extra Forwards
Normal : Robert Klinkhammer, Jesper Fast, Alexander Vasyunov - PP : Robert Klinkhammer, Jesper Fast - PK : Alexander Vasyunov
Extra Defensemen
Normal : Yannick Weber, Tyson Barrie, Conor Allen - PP : Yannick Weber - PK : Tyson Barrie, Conor Allen
Penalty Shots
Marcus Johansson, Alex Chiasson, Hugh Jessiman, Brian Flynn, Dana Tyrell

Scratches
Michael Mersch (Healthy), Connor Brickley (Healthy), Oscar Lindberg (Healthy), Scott Harrington (Healthy), Alexander Guptill (Healthy)
Tyler Wotherspoon (Healthy), Tom Kuhnhackl (Healthy), Alexander Khokhlachev (Healthy), Anthony Camara (Healthy), Daniel Catenacci (Healthy)
Duncan Siemens (Healthy), Dillon Simpson (Healthy), Laurent Brossoit (Healthy)

Inferno

5 vs 5 Forward 
   Center                   Left Wing                Right Wing               Time % Phy DF OF 
 1 Mikhail Grabovski        Stephane Veilleux        Vladimir Zharkov         40     1   2  2  
 2 Vladimir Sobotka         David Ullstrom           Kyle Palmieri            30     1   2  2  
 3 Cal O'Reilly             Matt Kassian             Beau Bennett             20     1   2  2  
 4 Anders Lee               Matthew Nieto            Zach Redmond             10     1   2  2  

5 vs 5 Defense 
   Defense                  Defense                                           Time % Phy DF OF 
 1 Sami Vatanen             Colby Robak                                       40     1   2  2  
 2 Brendan Mikkelson        Christian Folin                                   30     1   2  2  
 3 Luca Sbisa               Derek Peltier                                     20     1   2  2  
 4 Brendan Mikkelson        Colby Robak                                       10     1   2  2  

PowerPlay Forward 
   Center                   Left Wing                Right Wing               Time % Phy DF OF 
 1 Mikhail Grabovski        Stephane Veilleux        Vladimir Zharkov         60     1   2  2  
 2 Vladimir Sobotka         David Ullstrom           Kyle Palmieri            40     1   2  2  

PowerPlay Defense
   Defense                  Defense                                           Time % Phy DF OF 
 1 Sami Vatanen             Colby Robak                                       60     1   2  2  
 2 Brendan Mikkelson        Christian Folin                                   40     1   2  2  

Penalty Kill 4 Players Forward 
   Center                   Wing                     Time % Phy DF OF 
 1 Vladimir Sobotka         Stephane Veilleux        60     1   2  2  
 2 Mikhail Grabovski        David Ullstrom           40     1   2  2  

Penalty Kill 4 Players Defense
   Defense                  Defense                  Time % Phy DF OF 
 1 Brendan Mikkelson        Colby Robak              60     1   2  2  
 2 Sami Vatanen             Derek Peltier            40     1   2  2  

Penalty Kill - 3 Players Forward 
   Forward                                           Time % Phy DF OF 
 1 Mikhail Grabovski                                 60     1   2  2  
 2 Vladimir Sobotka                                  40     1   2  2  

Penalty Kill - 3 Players Defense
   Defense                  Defense                  Time % Phy DF OF 
 1 Brendan Mikkelson        Colby Robak              60     1   2  2  
 2 Sami Vatanen             Derek Peltier            40     1   2  2  

4 vs 4 Forward 
   Center                   Wing                     Time % Phy DF OF 
 1 Mikhail Grabovski        Vladimir Zharkov         60     1   2  2  
 2 Vladimir Sobotka         Stephane Veilleux        40     1   2  2  

4 vs 4 Defense
   Defense                  Defense                  Time % Phy DF OF 
 1 Sami Vatanen             Colby Robak              60     1   2  2  
 2 Brendan Mikkelson        Christian Folin          40     1   2  2  

Last Minutes Offensive
   Center                   Left Wing                Right Wing               Defense                  Defense                  
   Mikhail Grabovski        Stephane Veilleux        Vladimir Zharkov         Sami Vatanen             Colby Robak              

Last Minutes Defensive
   Center                   Left Wing                Right Wing               Defense                  Defense                  
   Mikhail Grabovski        Stephane Veilleux        Vladimir Zharkov         Sami Vatanen             Colby Robak              

Goaltenders
Starting : Josh Harding             
Backup : Michael Hutchinson       

Extra Forwards
Normal : Vladimir Sobotka, Kyle Palmieri, David Ullstrom - PP : Cal O'Reilly, Matt Kassian - PK : Vladimir Zharkov
Extra Defensemen
Normal : Brendan Mikkelson, Christian Folin, Derek Peltier - PP : Christian Folin - PK : Sami Vatanen, Derek Peltier
Penalty Shots
Mikhail Grabovski, Vladimir Sobotka, Stephane Veilleux, Vladimir Zharkov, Cal O'Reilly

Scratches
Chris Brown (Healthy), Victor Rask (Healthy), Frank Corrado (Healthy), Ryan Spooner (Healthy), Tyler Shattock (Healthy)
Joakim Nordstrom (Healthy), David Savard (Torso Injury), Daniil Tarasov (Healthy), Simon Danis-Pepin (Healthy), Mathieu Brodeur (Healthy)
Christopher Gibson (Healthy), Nathan Lieuwen (Healthy)

% Time on Ice - Little Stars

Lines # - Real PCT - Wanted PCT - Time Play
Normal Forward
1 - 36% - 36% - 20:06
2 - 28% - 30% - 15:19
3 - 20% - 20% - 11:22
4 - 16% - 14% - 8:43
Normal Defense
1 - 38% - 40% - 21:16
2 - 34% - 30% - 18:40
3 - 22% - 20% - 12:14
4 - 6% - 10% - 3:20
PP Forward
1 - 0% - 60%
2 - 0% - 40%
PP Defense
1 - 0% - 60%
2 - 0% - 40%
PK Forward
1 - 79% - 60% - 3:09
2 - 21% - 40% - 0:49
PK Defense
1 - 58% - 60% - 2:18
2 - 42% - 40% - 1:40
PK3 Forward
1 - 0% - 60%
2 - 0% - 40%
PK3 Defense
1 - 0% - 60%
2 - 0% - 40%
44 Forward
1 - 0% - 60%
2 - 0% - 40%
44 Defense
1 - 0% - 60%
2 - 0% - 40%
Last Minute Offensive  - 0:32
Last Minute Defensive  - 0:00
Total
Forward - 60:00
Defense - 60:00

% Time on Ice - Inferno

Lines # - Real PCT - Wanted PCT - Time Play
Normal Forward
1 - 40% - 40% - 22:06
2 - 26% - 30% - 14:34
3 - 22% - 20% - 12:19
4 - 12% - 10% - 6:34
Normal Defense
1 - 39% - 40% - 21:43
2 - 29% - 30% - 16:22
3 - 25% - 20% - 14:04
4 - 6% - 10% - 3:24
PP Forward
1 - 54% - 60% - 2:09
2 - 46% - 40% - 1:49
PP Defense
1 - 60% - 60% - 2:23
2 - 40% - 40% - 1:35
PK Forward
1 - 0% - 60%
2 - 0% - 40%
PK Defense
1 - 0% - 60%
2 - 0% - 40%
PK3 Forward
1 - 0% - 60%
2 - 0% - 40%
PK3 Defense
1 - 0% - 60%
2 - 0% - 40%
44 Forward
1 - 0% - 60%
2 - 0% - 40%
44 Defense
1 - 0% - 60%
2 - 0% - 40%
Last Minute Offensive  - 0:00
Last Minute Defensive  - 0:29
Total
Forward - 60:00
Defense - 60:00

Play by Play

1st period


0:01 of 1st period - Brian Flynn wins face-off versus Mikhail Grabovski in neutral zone.
1:32 of 1st period - Snap shot by Stephane Veilleux.
1:32 of 1st period - Shot Misses the Net.
2:00 of 1st period - Raphael Diaz is hit by Luca Sbisa and loses puck.
2:19 of 1st period - Snap shot by Beau Bennett.
2:19 of 1st period - Shot Misses the Net.
2:21 of 1st period - Wrist shot by Beau Bennett.
2:21 of 1st period - Stopped by Peter Budaj with a rebound.
2:23 of 1st period - Wrist shot by Matt Kassian.
2:23 of 1st period - Shot Blocked by Andrej Nestrasil.
2:25 of 1st period - Snap shot by Sami Vatanen.
2:25 of 1st period - Stopped by Peter Budaj without a rebound.
2:26 of 1st period - Brian Flynn wins face-off versus Mikhail Grabovski in Little Stars zone.
2:41 of 1st period - Wrist shot by Stephane Veilleux.
2:41 of 1st period - Stopped by Peter Budaj with a rebound.
2:58 of 1st period - Wrist shot by Matt Kassian.
2:58 of 1st period - Shot Blocked by Tyson Barrie.
3:24 of 1st period - Snap shot by Hugh Jessiman.
3:24 of 1st period - Stopped by Josh Harding with a rebound.
4:04 of 1st period - Wrist shot by Vladimir Sobotka.
4:04 of 1st period - Shot Blocked by Mathieu Roy.
4:06 of 1st period - Snap shot by David Ullstrom.
4:06 of 1st period - Shot Misses the Net.
5:06 of 1st period - Slapshot by Mikhail Grabovski.
5:06 of 1st period - Stopped by Peter Budaj with a rebound.
5:16 of 1st period - Tyson Barrie is hit by Kyle Palmieri and loses puck.
5:22 of 1st period - Off-side.
5:23 of 1st period - Mikhail Grabovski wins face-off versus Dana Tyrell in neutral zone.
5:32 of 1st period - Snap shot by Mikhail Grabovski.
5:32 of 1st period - Shot Misses the Net.
5:34 of 1st period - Wrist shot by Stephane Veilleux.
5:34 of 1st period - Shot Misses the Net.
6:08 of 1st period - Tyson Barrie is hit by Matt Kassian and loses puck.
6:39 of 1st period - Slapshot by Yannick Weber.
6:39 of 1st period - Deflect By Alexander Vasyunov.
6:39 of 1st period - Shot Misses the Net.
6:39 of 1st period - Puck is out of play.
6:40 of 1st period - Vladimir Sobotka wins face-off versus Dana Tyrell in Inferno zone.
6:46 of 1st period - Off-side.
6:47 of 1st period - Dana Tyrell wins face-off versus Vladimir Sobotka in neutral zone.
8:37 of 1st period - Christian Folin is hit by Phil Oreskovic and loses puck.
9:01 of 1st period - Slapshot by Beau Bennett.
9:01 of 1st period - Shot Hit the Post.
9:03 of 1st period - Slapshot by Brendan Mikkelson.
9:03 of 1st period - Stopped by Peter Budaj with a rebound.
9:25 of 1st period - Snap shot by Andrej Nestrasil.
9:25 of 1st period - Shot Misses the Net.
9:27 of 1st period - Snap shot by Robert Klinkhammer.
9:27 of 1st period - Shot Misses the Net.
9:29 of 1st period - Snap shot by Tyson Barrie.
9:29 of 1st period - Stopped by Josh Harding with a rebound.
9:38 of 1st period - Off-side.
9:39 of 1st period - Brian Flynn wins face-off versus Mikhail Grabovski in neutral zone.
10:44 of 1st period - Slapshot by Marcus Johansson.
10:44 of 1st period - Shot Misses the Net.
10:46 of 1st period - Snap shot by Brian Flynn.
10:46 of 1st period - Shot Blocked by Colby Robak.
10:48 of 1st period - Snap shot by Niklas Hjalmarsson.
10:48 of 1st period - Stopped by Josh Harding without a rebound.
10:49 of 1st period - Mikhail Grabovski wins face-off versus Brian Flynn in Inferno zone.
11:04 of 1st period - Snap shot by Vladimir Zharkov.
11:04 of 1st period - Shot Blocked by Marcus Johansson.
11:21 of 1st period - Wrist shot by Vladimir Sobotka.
11:21 of 1st period - Stopped by Peter Budaj with a rebound.
11:23 of 1st period - Slapshot by Colby Robak.
11:23 of 1st period - Shot Misses the Net.
12:41 of 1st period - Snap shot by Kyle Palmieri.
12:41 of 1st period - Stopped by Peter Budaj with a rebound.
12:47 of 1st period - Snap shot by Hugh Jessiman.
12:47 of 1st period - Stopped by Josh Harding without a rebound.
12:48 of 1st period - Dana Tyrell wins face-off versus Mikhail Grabovski in Inferno zone.
12:54 of 1st period - Snap shot by Hugh Jessiman.
12:54 of 1st period - Stopped by Josh Harding without a rebound.
12:55 of 1st period - Jesse Joensuu wins face-off versus Mikhail Grabovski in Inferno zone.
13:26 of 1st period - Wrist shot by Kyle Palmieri.
13:26 of 1st period - Stopped by Peter Budaj without a rebound.
13:27 of 1st period - Vladimir Sobotka wins face-off versus Brian Flynn in Little Stars zone.
13:38 of 1st period - Wrist shot by Alex Chiasson.
13:38 of 1st period - Stopped by Josh Harding without a rebound.
13:39 of 1st period - Brian Flynn wins face-off versus Mikhail Grabovski in Inferno zone.
13:40 of 1st period - Snap shot by Marcus Johansson.
13:40 of 1st period - Deflect By Alex Chiasson.
13:40 of 1st period - Stopped by Josh Harding with a rebound.
13:52 of 1st period - Snap shot by Alex Chiasson.
13:52 of 1st period - Stopped by Josh Harding without a rebound.
13:53 of 1st period - Dana Tyrell wins face-off versus Mikhail Grabovski in Inferno zone.
13:58 of 1st period - Snap shot by Hugh Jessiman.
13:58 of 1st period - Goal by Hugh Jessiman - Little Stars : 1 - Inferno : 0.
13:59 of 1st period - Mikhail Grabovski wins face-off versus Brian Flynn in neutral zone.
14:27 of 1st period - Wrist shot by Phil Oreskovic.
14:27 of 1st period - Shot Misses the Net.
14:29 of 1st period - Wrist shot by Niklas Hjalmarsson.
14:29 of 1st period - Stopped by Josh Harding without a rebound.
14:30 of 1st period - T.J. Tynan wins face-off versus Vladimir Sobotka in Inferno zone.
14:33 of 1st period - Snap shot by Alexander Vasyunov.
14:33 of 1st period - Shot Misses the Net.
14:35 of 1st period - Wrist shot by Niklas Hjalmarsson.
14:35 of 1st period - Stopped by Josh Harding without a rebound.
14:36 of 1st period - Dana Tyrell wins face-off versus Vladimir Sobotka in Inferno zone.
15:01 of 1st period - Derek Peltier is hit by Raphael Diaz and loses puck.
15:21 of 1st period - Slapshot by Niklas Hjalmarsson.
15:21 of 1st period - Stopped by Josh Harding without a rebound.
15:22 of 1st period - Andrej Nestrasil wins face-off versus Cal O'Reilly in Inferno zone.
16:18 of 1st period - Snap shot by Anders Lee.
16:18 of 1st period - Shot Misses the Net.
16:55 of 1st period - Wrist shot by Cal O'Reilly.
16:55 of 1st period - Shot Misses the Net.
17:59 of 1st period - Wrist shot by Alexander Vasyunov.
17:59 of 1st period - Shot Blocked by Derek Peltier.
19:17 of 1st period - Snap shot by Cal O'Reilly.
19:17 of 1st period - Stopped by Peter Budaj with a rebound.
19:19 of 1st period - Slapshot by Brendan Mikkelson.
19:19 of 1st period - Stopped by Peter Budaj without a rebound.
19:20 of 1st period - Dana Tyrell wins face-off versus Cal O'Reilly in Little Stars zone.
19:38 of 1st period - Wrist shot by Matt Kassian.
19:38 of 1st period - Deflect By Jesse Joensuu.
19:38 of 1st period - Goal by Matt Kassian - Little Stars : 1 - Inferno : 1.
19:39 of 1st period - Brian Flynn wins face-off versus Mikhail Grabovski in neutral zone.
19:48 of 1st period - Snap shot by Alex Chiasson.
19:48 of 1st period - Stopped by Josh Harding without a rebound.
19:49 of 1st period - Mikhail Grabovski wins face-off versus Brian Flynn in Inferno zone.
19:49 of 1st period - Mikhail Grabovski is hit by Brian Flynn.
Goals for this period are 1 for Little Stars vs 1 for Inferno.
Shots for this period are 13 for Little Stars vs 11 for Inferno.

2nd period


0:01 of 2nd period - Dana Tyrell wins face-off versus Mikhail Grabovski in neutral zone.
0:57 of 2nd period - Slapshot by Cal O'Reilly.
0:57 of 2nd period - Stopped by Peter Budaj with a rebound.
0:59 of 2nd period - Slapshot by Colby Robak.
0:59 of 2nd period - Shot Blocked by Yannick Weber.
1:19 of 2nd period - Alexander Vasyunov is hit by Brendan Mikkelson and loses puck.
1:40 of 2nd period - Wrist shot by Stephane Veilleux.
1:40 of 2nd period - Shot Misses the Net.
1:50 of 2nd period - Wrist shot by David Ullstrom.
1:50 of 2nd period - Deflect By Kyle Palmieri.
1:50 of 2nd period - Goal by Kyle Palmieri - Little Stars : 1 - Inferno : 2.
1:51 of 2nd period - Hugh Jessiman wins face-off versus Mikhail Grabovski in neutral zone.
3:01 of 2nd period - Andrej Nestrasil is hit by Vladimir Zharkov and loses puck.
3:21 of 2nd period - Off-side.
3:22 of 2nd period - Brian Flynn wins face-off versus Anders Lee in neutral zone.
4:06 of 2nd period - Icing by Brian Flynn.
4:07 of 2nd period - Cal O'Reilly wins face-off versus Marcus Johansson in Little Stars zone.
4:19 of 2nd period - Off-side.
4:20 of 2nd period - Hugh Jessiman wins face-off versus Mikhail Grabovski in neutral zone.
4:49 of 2nd period - Minor Penalty to Andrej Nestrasil for Cross-checking.
4:50 of 2nd period - Mikhail Grabovski wins face-off versus Marcus Johansson in Little Stars zone.
6:25 of 2nd period - Mikhail Grabovski is hit by T.J. Tynan and loses puck.
6:49 of 2nd period - Penalty to Andrej Nestrasil is over, Andrej Nestrasil is back on ice.
7:18 of 2nd period - Snap shot by Marcus Johansson.
7:18 of 2nd period - Shot Blocked by Zach Redmond.
7:20 of 2nd period - Snap shot by Marcus Johansson.
7:20 of 2nd period - Stopped by Josh Harding without a rebound.
7:21 of 2nd period - Hugh Jessiman wins face-off versus Cal O'Reilly in Inferno zone.
7:26 of 2nd period - Snap shot by Dana Tyrell.
7:26 of 2nd period - Stopped by Josh Harding without a rebound.
7:27 of 2nd period - Dana Tyrell wins face-off versus Cal O'Reilly in Inferno zone.
7:49 of 2nd period - Icing by Beau Bennett.
7:50 of 2nd period - Andrej Nestrasil wins face-off versus Cal O'Reilly in Inferno zone.
7:57 of 2nd period - Wrist shot by Robert Klinkhammer.
7:57 of 2nd period - Shot Blocked by Cal O'Reilly.
8:20 of 2nd period - Off-side.
8:21 of 2nd period - T.J. Tynan wins face-off versus Stephane Veilleux in neutral zone.
8:28 of 2nd period - Slapshot by Mathieu Roy.
8:28 of 2nd period - Shot Blocked by Sami Vatanen.
8:30 of 2nd period - Wrist shot by James Livingstone.
8:30 of 2nd period - Stopped by Josh Harding without a rebound.
8:31 of 2nd period - Mikhail Grabovski wins face-off versus Jesse Joensuu in Inferno zone.
8:50 of 2nd period - Raphael Diaz is hit by Stephane Veilleux and loses puck.
10:09 of 2nd period - Snap shot by Jesse Joensuu.
10:09 of 2nd period - Shot Misses the Net.
10:21 of 2nd period - Snap shot by Stephane Veilleux.
10:21 of 2nd period - Stopped by Peter Budaj with a rebound.
10:23 of 2nd period - Slapshot by Sami Vatanen.
10:23 of 2nd period - Stopped by Peter Budaj with a rebound.
10:25 of 2nd period - Backhand shot by Colby Robak.
10:25 of 2nd period - Stopped by Peter Budaj without a rebound.
10:26 of 2nd period - Alex Chiasson wins face-off versus Vladimir Sobotka in Little Stars zone.
10:41 of 2nd period - Wrist shot by Kyle Palmieri.
10:41 of 2nd period - Stopped by Peter Budaj without a rebound.
10:42 of 2nd period - Cal O'Reilly wins face-off versus Andrej Nestrasil in Little Stars zone.
11:07 of 2nd period - Vladimir Sobotka is hit by Marcus Johansson and loses puck.
11:14 of 2nd period - Snap shot by Alex Chiasson.
11:14 of 2nd period - Stopped by Josh Harding with a rebound.
11:18 of 2nd period - Wrist shot by Marcus Johansson.
11:18 of 2nd period - Deflect By Brian Flynn.
11:18 of 2nd period - Shot Misses the Net.
11:18 of 2nd period - Puck is out of play.
11:19 of 2nd period - Cal O'Reilly wins face-off versus T.J. Tynan in Inferno zone.
12:06 of 2nd period - Wrist shot by Anders Lee.
12:06 of 2nd period - Shot Misses the Net.
12:08 of 2nd period - Wrist shot by Zach Redmond.
12:08 of 2nd period - Stopped by Peter Budaj without a rebound.
12:09 of 2nd period - Anders Lee wins face-off versus Andrej Nestrasil in Little Stars zone.
12:32 of 2nd period - Snap shot by Jesper Fast.
12:32 of 2nd period - Deflect By Brendan Mikkelson.
12:32 of 2nd period - Stopped by Josh Harding with a rebound.
12:34 of 2nd period - Snap shot by Robert Klinkhammer.
12:34 of 2nd period - Goal by Robert Klinkhammer - Little Stars : 2 - Inferno : 2.
12:35 of 2nd period - Vladimir Sobotka wins face-off versus Brian Flynn in neutral zone.
12:38 of 2nd period - Alex Chiasson is hit by Colby Robak and loses puck.
13:38 of 2nd period - Niklas Hjalmarsson is hit by Brendan Mikkelson and loses puck.
13:48 of 2nd period - Off-side.
13:49 of 2nd period - Andrej Nestrasil wins face-off versus Vladimir Sobotka in neutral zone.
14:42 of 2nd period - Off-side.
14:43 of 2nd period - Vladimir Sobotka wins face-off versus Brian Flynn in neutral zone.
15:13 of 2nd period - Snap shot by Cal O'Reilly.
15:13 of 2nd period - Deflect By Raphael Diaz.
15:13 of 2nd period - Shot Blocked by Raphael Diaz.
15:13 of 2nd period - Puck is out of play.
15:14 of 2nd period - Cal O'Reilly wins face-off versus Dana Tyrell in Little Stars zone.
15:19 of 2nd period - Snap shot by Cal O'Reilly.
15:19 of 2nd period - Stopped by Peter Budaj with a rebound.
15:39 of 2nd period - Robert Klinkhammer is hit by Vladimir Zharkov and loses puck.
16:06 of 2nd period - Slapshot by Mathieu Roy.
16:06 of 2nd period - Shot Blocked by Brendan Mikkelson.
16:28 of 2nd period - Christian Folin is hit by T.J. Tynan.
17:07 of 2nd period - Off-side.
17:08 of 2nd period - Mikhail Grabovski wins face-off versus Brian Flynn in neutral zone.
17:11 of 2nd period - Wrist shot by Stephane Veilleux.
17:11 of 2nd period - Stopped by Peter Budaj without a rebound.
17:12 of 2nd period - Stephane Veilleux wins face-off versus Brian Flynn in Little Stars zone.
18:01 of 2nd period - Wrist shot by Jesse Joensuu.
18:01 of 2nd period - Deflect By Hugh Jessiman.
18:01 of 2nd period - Shot Misses the Net.
18:01 of 2nd period - Puck is out of play.
18:02 of 2nd period - Vladimir Sobotka wins face-off versus Dana Tyrell in Inferno zone.
18:02 of 2nd period - Vladimir Sobotka is hit by Mathieu Roy.
18:43 of 2nd period - David Ullstrom is hit by Hugh Jessiman.
19:03 of 2nd period - Snap shot by Jesse Joensuu.
19:03 of 2nd period - Stopped by Josh Harding with a rebound.
19:08 of 2nd period - Off-side.
19:09 of 2nd period - Mikhail Grabovski wins face-off versus Brian Flynn in neutral zone.
19:36 of 2nd period - Beau Bennett is hit by Niklas Hjalmarsson and loses puck.
19:57 of 2nd period - Slapshot by Yannick Weber.
19:57 of 2nd period - Shot Misses the Net.
19:59 of 2nd period - Wrist shot by James Livingstone.
19:59 of 2nd period - Stopped by Josh Harding without a rebound.
Goals for this period are 1 for Little Stars vs 1 for Inferno.
Shots for this period are 8 for Little Stars vs 9 for Inferno.

3rd period


0:01 of 3rd period - Vladimir Zharkov wins face-off versus Brian Flynn in neutral zone.
0:58 of 3rd period - Wrist shot by Kyle Palmieri.
0:58 of 3rd period - Shot Misses the Net.
1:31 of 3rd period - Phil Oreskovic is hit by Matthew Nieto and loses puck.
1:38 of 3rd period - Slapshot by Niklas Hjalmarsson.
1:38 of 3rd period - Shot Misses the Net.
1:44 of 3rd period - Slapshot by Brian Flynn.
1:44 of 3rd period - Stopped by Josh Harding with a rebound.
1:46 of 3rd period - Slapshot by Niklas Hjalmarsson.
1:46 of 3rd period - Stopped by Josh Harding with a rebound.
1:48 of 3rd period - Snap shot by Marcus Johansson.
1:48 of 3rd period - Deflect By Alex Chiasson.
1:48 of 3rd period - Goal by Alex Chiasson - Little Stars : 3 - Inferno : 2.
1:49 of 3rd period - Dana Tyrell wins face-off versus Mikhail Grabovski in neutral zone.
1:52 of 3rd period - Slapshot by Raphael Diaz.
1:52 of 3rd period - Deflect By Stephane Veilleux.
1:52 of 3rd period - Goal by Raphael Diaz - Little Stars : 4 - Inferno : 2.
1:53 of 3rd period - Mikhail Grabovski wins face-off versus Brian Flynn in neutral zone.
2:02 of 3rd period - Snap shot by Vladimir Zharkov.
2:02 of 3rd period - Stopped by Peter Budaj with a rebound.
2:20 of 3rd period - Dana Tyrell is hit by Colby Robak.
2:48 of 3rd period - Wrist shot by David Ullstrom.
2:48 of 3rd period - Stopped by Peter Budaj without a rebound.
2:49 of 3rd period - Brian Flynn wins face-off versus Mikhail Grabovski in Little Stars zone.
2:49 of 3rd period - Brian Flynn is hit by Vladimir Zharkov.
2:59 of 3rd period - Snap shot by Stephane Veilleux.
2:59 of 3rd period - Stopped by Peter Budaj with a rebound.
3:01 of 3rd period - Wrist shot by Vladimir Zharkov.
3:01 of 3rd period - Shot Misses the Net.
3:03 of 3rd period - Backhand shot by Vladimir Zharkov.
3:03 of 3rd period - Stopped by Peter Budaj without a rebound.
3:04 of 3rd period - Andrej Nestrasil wins face-off versus Vladimir Sobotka in Little Stars zone.
3:04 of 3rd period - Andrej Nestrasil is hit by Luca Sbisa.
3:14 of 3rd period - Jesper Fast is hit by Vladimir Sobotka and loses puck.
3:29 of 3rd period - Brian Flynn is hit by Derek Peltier and loses puck.
3:40 of 3rd period - Wrist shot by Mikhail Grabovski.
3:40 of 3rd period - Deflect By Stephane Veilleux.
3:40 of 3rd period - Shot Misses the Net.
3:40 of 3rd period - Puck is out of play.
3:41 of 3rd period - Mikhail Grabovski wins face-off versus Hugh Jessiman in Little Stars zone.
4:08 of 3rd period - Slapshot by Vladimir Sobotka.
4:08 of 3rd period - Shot Misses the Net.
4:10 of 3rd period - Snap shot by David Ullstrom.
4:10 of 3rd period - Deflect By Vladimir Sobotka.
4:10 of 3rd period - Goal by Vladimir Sobotka - Little Stars : 4 - Inferno : 3.
4:11 of 3rd period - Mikhail Grabovski wins face-off versus Brian Flynn in neutral zone.
4:26 of 3rd period - Wrist shot by Alex Chiasson.
4:26 of 3rd period - Stopped by Josh Harding with a rebound.
4:49 of 3rd period - Kyle Palmieri is hit by Mathieu Roy and loses puck.
5:41 of 3rd period - Slapshot by Marcus Johansson.
5:41 of 3rd period - Shot Misses the Net.
6:01 of 3rd period - Colby Robak is hit by Niklas Hjalmarsson and loses puck.
6:24 of 3rd period - Icing by Matt Kassian.
6:25 of 3rd period - Cal O'Reilly wins face-off versus Dana Tyrell in Inferno zone.
6:38 of 3rd period - Snap shot by Cal O'Reilly.
6:38 of 3rd period - Shot Misses the Net.
6:46 of 3rd period - Snap shot by Cal O'Reilly.
6:46 of 3rd period - Stopped by Peter Budaj without a rebound.
6:47 of 3rd period - Brian Flynn wins face-off versus Mikhail Grabovski in Little Stars zone.
6:52 of 3rd period - Wrist shot by Alex Chiasson.
6:52 of 3rd period - Shot Misses the Net.
6:54 of 3rd period - Wrist shot by Marcus Johansson.
6:54 of 3rd period - Stopped by Josh Harding with a rebound.
6:56 of 3rd period - Wrist shot by Brian Flynn.
6:56 of 3rd period - Shot Misses the Net.
6:58 of 3rd period - Snap shot by Marcus Johansson.
6:58 of 3rd period - Shot Misses the Net.
7:17 of 3rd period - Slapshot by Niklas Hjalmarsson.
7:17 of 3rd period - Deflect By Sami Vatanen.
7:17 of 3rd period - Stopped by Josh Harding with a rebound.
7:41 of 3rd period - Wrist shot by Anders Lee.
7:41 of 3rd period - Stopped by Peter Budaj with a rebound.
8:00 of 3rd period - Snap shot by Jesper Fast.
8:00 of 3rd period - Stopped by Josh Harding without a rebound.
8:01 of 3rd period - Mikhail Grabovski wins face-off versus Brian Flynn in Inferno zone.
8:27 of 3rd period - Raphael Diaz is hit by Kyle Palmieri and loses puck.
8:32 of 3rd period - Slapshot by David Ullstrom.
8:32 of 3rd period - Deflect By Raphael Diaz.
8:32 of 3rd period - Shot Blocked by Mathieu Roy.
8:32 of 3rd period - Puck is out of play.
8:33 of 3rd period - Vladimir Sobotka wins face-off versus Dana Tyrell in Little Stars zone.
8:36 of 3rd period - Snap shot by Vladimir Sobotka.
8:36 of 3rd period - Stopped by Peter Budaj with a rebound.
8:40 of 3rd period - Wrist shot by Vladimir Sobotka.
8:40 of 3rd period - Shot Misses the Net.
8:42 of 3rd period - Slapshot by Colby Robak.
8:42 of 3rd period - Deflect By Vladimir Sobotka.
8:42 of 3rd period - Shot Hit the Post.
8:42 of 3rd period - Puck is out of play.
8:43 of 3rd period - Mikhail Grabovski wins face-off versus Dana Tyrell in Little Stars zone.
8:44 of 3rd period - Snap shot by Stephane Veilleux.
8:44 of 3rd period - Stopped by Peter Budaj without a rebound.
8:45 of 3rd period - Mikhail Grabovski wins face-off versus Brian Flynn in Little Stars zone.
8:46 of 3rd period - Wrist shot by Stephane Veilleux.
8:46 of 3rd period - Shot Blocked by Raphael Diaz.
8:48 of 3rd period - Snap shot by Mikhail Grabovski.
8:48 of 3rd period - Goal by Mikhail Grabovski - Little Stars : 4 - Inferno : 4.
8:49 of 3rd period - Brian Flynn wins face-off versus Mikhail Grabovski in neutral zone.
8:59 of 3rd period - Snap shot by Marcus Johansson.
8:59 of 3rd period - Shot Misses the Net.
9:01 of 3rd period - Slapshot by Raphael Diaz.
9:01 of 3rd period - Deflect By Marcus Johansson.
9:01 of 3rd period - Shot Blocked by Colby Robak.
9:01 of 3rd period - Puck is out of play.
9:02 of 3rd period - Brian Flynn wins face-off versus Mikhail Grabovski in Inferno zone.
9:07 of 3rd period - Wrist shot by Marcus Johansson.
9:07 of 3rd period - Stopped by Josh Harding with a rebound.
9:09 of 3rd period - Wrist shot by Raphael Diaz.
9:09 of 3rd period - Stopped by Josh Harding with a rebound.
9:11 of 3rd period - Snap shot by Brian Flynn.
9:11 of 3rd period - Stopped by Josh Harding without a rebound.
9:12 of 3rd period - Mikhail Grabovski wins face-off versus Brian Flynn in Inferno zone.
9:12 of 3rd period - Mikhail Grabovski is hit by Brian Flynn.
10:24 of 3rd period - Slapshot by Marcus Johansson.
10:24 of 3rd period - Shot Misses the Net.
10:26 of 3rd period - Slapshot by Mathieu Roy.
10:26 of 3rd period - Shot Misses the Net.
10:28 of 3rd period - Wrist shot by Marcus Johansson.
10:28 of 3rd period - Deflect By Brian Flynn.
10:28 of 3rd period - Deflect By Sami Vatanen.
10:28 of 3rd period - Stopped by Josh Harding with a rebound.
10:30 of 3rd period - Wrist shot by Alex Chiasson.
10:30 of 3rd period - Shot Misses the Net.
10:32 of 3rd period - Slapshot by Mathieu Roy.
10:32 of 3rd period - Deflect By Alex Chiasson.
10:32 of 3rd period - Stopped by Josh Harding with a rebound.
10:34 of 3rd period - Snap shot by Alex Chiasson.
10:34 of 3rd period - Stopped by Josh Harding with a rebound.
10:36 of 3rd period - Slapshot by Mathieu Roy.
10:36 of 3rd period - Shot Blocked by Colby Robak.
10:38 of 3rd period - Snap shot by Brian Flynn.
10:38 of 3rd period - Stopped by Josh Harding with a rebound.
10:40 of 3rd period - Snap shot by Marcus Johansson.
10:40 of 3rd period - Shot Misses the Net.
10:42 of 3rd period - Slapshot by Mathieu Roy.
10:42 of 3rd period - Stopped by Josh Harding without a rebound.
10:43 of 3rd period - Vladimir Sobotka wins face-off versus Dana Tyrell in Inferno zone.
11:11 of 3rd period - Off-side.
11:12 of 3rd period - Cal O'Reilly wins face-off versus T.J. Tynan in neutral zone.
11:17 of 3rd period - T.J. Tynan is hit by Matt Kassian and loses puck.
11:38 of 3rd period - Alexander Vasyunov is hit by Beau Bennett and loses puck.
12:06 of 3rd period - Beau Bennett is hit by Niklas Hjalmarsson and loses puck.
12:32 of 3rd period - Wrist shot by Beau Bennett.
12:32 of 3rd period - Stopped by Peter Budaj without a rebound.
12:33 of 3rd period - Vladimir Sobotka wins face-off versus Dana Tyrell in Little Stars zone.
12:34 of 3rd period - Snap shot by David Ullstrom.
12:34 of 3rd period - Shot Misses the Net.
13:19 of 3rd period - Minor Penalty to Andrej Nestrasil for Interference.
13:20 of 3rd period - Marcus Johansson wins face-off versus Mikhail Grabovski in Little Stars zone.
13:27 of 3rd period - Snap shot by Mikhail Grabovski.
13:27 of 3rd period - Stopped by Peter Budaj without a rebound.
13:28 of 3rd period - Marcus Johansson wins face-off versus Mikhail Grabovski in Little Stars zone.
14:09 of 3rd period - Snap shot by Vladimir Sobotka.
14:09 of 3rd period - Shot Misses the Net.
14:55 of 3rd period - Vladimir Zharkov is hit by Mathieu Roy and loses puck.
15:19 of 3rd period - Penalty to Andrej Nestrasil is over, Andrej Nestrasil is back on ice.
15:26 of 3rd period - Wrist shot by Cal O'Reilly.
15:26 of 3rd period - Stopped by Peter Budaj with a rebound.
15:28 of 3rd period - Slapshot by Beau Bennett.
15:28 of 3rd period - Shot Misses the Net.
15:30 of 3rd period - Snap shot by Cal O'Reilly.
15:30 of 3rd period - Shot Blocked by Phil Oreskovic.
15:32 of 3rd period - Slapshot by Beau Bennett.
15:32 of 3rd period - Goal by Beau Bennett - Little Stars : 4 - Inferno : 5.
15:33 of 3rd period - Andrej Nestrasil wins face-off versus Mikhail Grabovski in neutral zone.
15:40 of 3rd period - Stephane Veilleux is hit by Robert Klinkhammer and loses puck.
15:58 of 3rd period - Vladimir Sobotka is hit by Brian Flynn and loses puck.
16:03 of 3rd period - Wrist shot by Alex Chiasson.
16:03 of 3rd period - Stopped by Josh Harding without a rebound.
16:04 of 3rd period - Brian Flynn wins face-off versus Vladimir Sobotka in Inferno zone.
16:58 of 3rd period - Slapshot by Raphael Diaz.
16:58 of 3rd period - Stopped by Josh Harding with a rebound.
17:00 of 3rd period - Wrist shot by Mathieu Roy.
17:00 of 3rd period - Shot Misses the Net.
17:02 of 3rd period - Wrist shot by Dana Tyrell.
17:02 of 3rd period - Stopped by Josh Harding without a rebound.
17:03 of 3rd period - James Livingstone wins face-off versus Vladimir Sobotka in Inferno zone.
17:04 of 3rd period - Slapshot by Raphael Diaz.
17:04 of 3rd period - Stopped by Josh Harding with a rebound.
17:06 of 3rd period - Snap shot by T.J. Tynan.
17:06 of 3rd period - Shot Misses the Net.
17:10 of 3rd period - Wrist shot by Raphael Diaz.
17:10 of 3rd period - Deflect By T.J. Tynan.
17:10 of 3rd period - Shot Misses the Net.
17:10 of 3rd period - Puck is out of play.
17:11 of 3rd period - T.J. Tynan wins face-off versus Kyle Palmieri in Inferno zone.
17:12 of 3rd period - Slapshot by Raphael Diaz.
17:12 of 3rd period - Shot Misses the Net.
17:42 of 3rd period - Off-side.
17:43 of 3rd period - Andrej Nestrasil wins face-off versus Mikhail Grabovski in neutral zone.
17:56 of 3rd period - Slapshot by Niklas Hjalmarsson.
17:56 of 3rd period - Shot Blocked by Vladimir Zharkov.
17:58 of 3rd period - Snap shot by Robert Klinkhammer.
17:58 of 3rd period - Stopped by Josh Harding with a rebound.
18:45 of 3rd period - Mikhail Grabovski is hit by Brian Flynn.
19:06 of 3rd period - Little Stars, Peter Budaj is pulled from the net.
19:20 of 3rd period - Snap shot by Vladimir Sobotka.
19:20 of 3rd period - Goal by Vladimir Sobotka - Little Stars : 4 - Inferno : 6.
19:20 of 3rd period - Peter Budaj from Little Stars was sent back in the game.
19:21 of 3rd period - Brian Flynn wins face-off versus Vladimir Zharkov in neutral zone.
19:30 of 3rd period - Brian Flynn is hit by Vladimir Zharkov and loses puck.
Goals for this period are 2 for Little Stars vs 4 for Inferno.
Shots for this period are 21 for Little Stars vs 15 for Inferno.